 Dungeon Crawl Stone Soup version 0.28-a0-689-ga55568f2eb (webtiles) character file.

Game seed: 6810690389170524708

19006 frompes the Unseen (level 12, -3/58 HPs)
             Began as a Spriggan Enchanter on Oct 19, 2021.
             Was a Priest of Dithmenos.
             Killed from afar by Frances (60 damage)
             ... with an iron shot
             ... on level 12 of the Dungeon on Oct 20, 2021.
             The game lasted 00:33:24 (11337 turns).

frompes the Unseen (Spriggan Enchanter)            Turns: 11337, Time: 00:33:24

Health: -3/58      AC:  7    Str:  7    XL:     12   Next: 32%
Magic:  25/29      EV: 22    Int: 20    God:    Dithmenos [***...]
Gold:   383        SH:  0    Dex: 18    Spells: 22/36 levels left

rFire   . . .      SeeInvis +   a - +4 dagger (elec)
rCold   + + .      Faith    .   (shield restricted)
rNeg    . . .      Spirit   .   o - +2 robe {rC+}
rPois   +          Reflect  .   (helmet restricted)
rElec   .          Harm     .   q - +2 cloak {rCorr}
rCorr   +          Rampage  .   (gloves unavailable)
Will    +++..                   (boots unavailable)
Stlth   ++++++++..              e - amulet of regeneration
HPRegen 1.19/turn               h - ring of willpower
MPRegen 0.21/turn               f - ring of Ytuar {rPois rC+ Int+4}

@: wreathed by umbra, very quick
A: very small, no large weapons, unfitting armour, see invisible, speed 3, horns
1
a: Renounce Religion, Shadow Step


You were on level 12 of the Dungeon.
You worshipped Dithmenos.
Dithmenos was most pleased with you.
You visited 2 branches of the dungeon, and saw 13 of its levels.

You collected 747 gold pieces.
You spent 364 gold pieces at shops.

Inventory:

Hand Weapons
 a - a +4 dagger of electrocution (weapon)
 l - a +1 short sword of speed
Missiles
 x - 47 poisoned darts (quivered)
 y - a curare-tipped dart
Armour
 o - a +2 robe of cold resistance (worn)
 q - a +2 cloak of preservation (worn)
 H - a +0 troll leather armour
Jewellery
 e - an amulet of regeneration (around neck)
 f - the ring of Ytuar (right hand) {rPois rC+ Int+4}
   (You acquired it on level 2 of the Dungeon)

   [ring of poison resistance]

   Int:       It affects your intelligence (+4).
   rC:        It protects you from cold.
   rPois:     It protects you from poison.
 h - a ring of willpower (left hand)
 u - a ring of protection from fire
Wands
 c - a wand of flame (33)
 A - a wand of mindburst (4)
 F - a wand of iceblast (8)
Scrolls
 m - a scroll of enchant armour
 r - 4 scrolls of magic mapping
 t - a scroll of fog
 v - a scroll of blinking
 w - a scroll of summoning
 E - a scroll of immolation
 G - a scroll of silence
Potions
 b - 2 potions of haste
 d - 3 potions of resistance
 g - 2 potions of flight
 i - 4 potions of lignification
 j - 6 potions of curing
 k - 3 potions of heal wounds
 n - a potion of might
 p - a potion of magic
 s - a potion of berserk rage
 z - a potion of brilliance
 B - a potion of invisibility
 C - a potion of ambrosia
Miscellaneous
 D - a piece from Xom's chessboard (15/15)


   Skills:
 - Level 4.6 Fighting
 - Level 6.4 Short Blades
 + Level 0.0 Armour
 - Level 8.2 Dodging
 - Level 15.7 Stealth
 - Level 12.9 Spellcasting
 - Level 13.1 Hexes


You had 22 spell levels left.
You knew the following spells:

 Your Spells              Type           Power      Damage    Failure   Level
a - Ensorcelled Hibernat  Hex/Ice        78%        N/A       1%          2
b - Tukima's Dance        Hex            60%        N/A       1%          3
c - Dazzling Flash        Conj/Hex       78%        N/A       1%          3
d - Invisibility          Hex            30%        N/A       3%          6

Your spell library contained the following spells:

 Spells                   Type           Power      Damage    Failure   Level
 Confusing Touch          Hex            60%        N/A       1%          3
 Inner Flame              Hex/Fire       39%        N/A       1%          3
 Portal Projectile        Hex/Tloc       78%        N/A       1%          3
 Summon Guardian Golem    Hex/Summ       39%        N/A       1%          3
 Cause Fear               Hex            30%        N/A       1%          4
 Leda's Liquefaction      Hex/Erth       19%        N/A       3%          4
 Beastly Appendage        Tmut           24%        N/A       5%          1
 Freeze                   Ice            48%        1d7       5%          1
 Sting                    Tmut/Pois      48%        1d5       5%          1
 Summon Small Mammal      Summ           48%        N/A       5%          1
 Passwall                 Tmut/Erth      10%        N/A       8%          2
 Wereblood                Tmut           12%        N/A       8%          2
 Call Canine Familiar     Summ           12%        N/A       16%         3
 Frozen Ramparts          Ice            24%        1d4       16%         3
 Spider Form              Tmut/Pois      6%         N/A       16%         3
 Swiftness                Air            12%        N/A       16%         3
 Hailstorm                Conj/Ice       12%        3d5       45%         4
 Blade Hands              Tmut           6%         N/A       82%         5
 Irradiate                Conj/Tmut      6%         3d16      82%         5
 Discord                  Hex            30%        N/A       85%         8
 Dragon Form              Tmut           6%         N/A       100%        7
 Borgnjor's Revivificati  Necr           6%         N/A       100%        8
 Necromutation            Tmut/Necr      6%         N/A       100%        8
 Death's Door             Necr           6%         N/A       100%        9


Dungeon Overview and Level Annotations

Branches:
Dungeon (12/15)            Temple (1/1) D:7            Lair (0/6) D:11
    Orc (0/2) D:10

Altars:
Ashenzari
Cheibriados
Dithmenos
Elyvilon
Fedhas
Hepliaklqana
Kikubaaqudgha
Nemelex Xobeh
Okawaru
Qazlal
Xom
Yredelemnul
The Shining One

Shops:
D:4 *   D:8 *

Annotations:
D:5 2 transporters, TimeIsEndless's ghost, amateur VSSu
D:7 1 transporter
D:9 exclusion: 2 oklob saplings
D:12 Frances


Innate Abilities, Weirdness & Mutations

You are very small and have problems with some larger weapons.
You are too small for most types of armour.
You have supernaturally acute eyesight. (SInv)
You cover ground extremely quickly. (Speed+++)
You have a pair of small horns on your head.


Message History

You see here 10 bolts.
You open the door.
There is an open door here.
Found 22 sling bullets.
There is an escape hatch in the ceiling here.
There is a stone staircase leading up here.
You open the door.
There is an open door here.
There is an open door here.
Frances, Duchess of Pandemonium comes into view.
She is wielding a +0 glaive and wearing a +0 scale mail of cold resistance.
Aiming: Shadow Step
Press: ? - help, Dir - move target, f - Frances
Aim: Frances, wielding a +0 glaive and wearing a +0 scale mail of cold resistance (asleep, umbra)
You step into Frances's shadow.
The helpless Frances fails to defend herself.
You perforate Frances like a sieve!!!!
Frances is almost dead.
Frances completely misses you.
Hit: a) +4 dagger (elec)
Press: ? - help, Dir - move target, f/p - Frances
Aim: Frances, wielding a +0 glaive and wearing a +0 scale mail of cold resistance (almost dead, umbra, about 25% to evade your +4 dagger of electrocution)
Okay, then.
Unknown command.
Unknown command.
Unknown command.
Aiming: Mindburst
Press: ? - help, Shift-Dir - straight line, f/p - Frances
Aim: Frances, wielding a +0 glaive and wearing a +0 scale mail of cold resistance (almost dead, umbra, chance to affect: 7%)
Okay, then.
Unknown command.
Aiming: Iceblast
Press: ? - help, Shift-Dir - straight line, f/p - Frances
Aim: Frances, wielding a +0 glaive and wearing a +0 scale mail of cold resistance (almost dead, umbra)
The mass of ice explodes!
The iceblast engulfs Frances!
Frances partially resists.
Frances is almost dead.
Frances chants phrases taken from a devil's mouth.
The iron shot hits you!!!
Ouch! That really hurt!
You die...

#.#######.## #.#..
#.........# #.###
#####################
#.### #.......(# #....
#.######.# #.###
####.#### #.#
######### #....
........# #.#
#@......# ##.###
####.##.###.#
#.#####.# ##>..##
#........# #@#
###.####......
##..#.##..# #.#
#...........##
#...#.....# #.#
#.#.######.##
#.#####..## #.# #.#.#
#.#
#...#....#####.###.#.#
#.#
##..#....##..........#
##'##
##...#####.#####..###
##...## ##.##
#.#####..# ##.....#
#####..### #.##.....#
##.......


You could see Frances.

Vanquished Creatures
  2 boulder beetles
  5 two-headed ogres
  3 death yaks
  A deep elf pyromancer (D:12)
  An ugly thing (D:8)
  2 gargoyles (D:12)
  2 centaur skeletons (D:8)
  2 unseen horrors
  A redback zombie (D:8)
  2 hellwings (D:8)
  2 trolls
  3 hornets
  9 yaks
  A vampire (D:11)
  Eustachio (D:6)
  A wyvern (D:7)
  Edmund (D:6)
  4 wargs (D:10)
  Menkaure (D:6)
  An acid dragon (D:11)
  4 water moccasins
  2 ice beasts (D:6)
  3 orc warriors
  A sky beast (D:8)
  A necrophage (D:5)
  2 ogres
  3 centaurs
  2 phantoms
  5 kobold brigands
  2 bullfrogs
  2 water moccasin zombies
  4 killer bees (D:9)
  3 wights (D:8)
  2 howler monkeys
  A bullfrog zombie (D:5)
  10 centaur zombies
  A hound (D:6)
  Crazy Yiuf (D:4)
  2 orc priests
  2 jellies
  Terence (D:3)
  An iguana (D:5)
  A scorpion zombie (D:5)
  Ijyb (D:3)
  5 orc wizards
  2 howler monkey zombies
  11 gnolls
  9 adders
  4 shadow imps (D:8)
  An ufetubus (D:7)
  4 worms
  4 dart slugs
  11 orcs
  A bat zombie (D:11)
  5 endoplasms
  A giant cockroach (D:2)
  4 hobgoblins
  3 jackals (D:9)
  36 kobolds
  A quokka (D:2)
  10 ball pythons
  7 bats
  3 frilled lizards (D:2)
  6 goblins
  8 rats
  A rat zombie (D:11)
239 creatures vanquished.

Vanquished Creatures (collateral kills)
  A two-headed ogre (D:9)
  Blork the orc (D:4)
  3 wights (D:7)
  2 gnolls (D:4)
7 creatures vanquished.

Vanquished Creatures (others)
  4 dancing weapons
  8 plants (D:9)
  3 withered plants (D:8)
15 creatures vanquished.

Grand Total: 261 creatures vanquished

Notes
Turn   | Place    | Note
-------+----------+-------------------------------------------
     0 | D:1      | frompes the Spriggan Enchanter began the quest for the Orb.
     0 | D:1      | Reached XP level 1. HP: 9/9 MP: 5/5
    91 | D:1      | Found a faded altar of an unknown god.
   309 | D:1      | Reached XP level 2. HP: 12/13 MP: 7/7
   312 | D:1      | Learned a level 2 spell: Ensorcelled Hibernation
   890 | D:2      | Reached XP level 3. HP: 16/16 MP: 9/9
   898 | D:2      | Learned a level 3 spell: Tukima's Dance
   902 | D:2      | Learned a level 3 spell: Dazzling Flash
  1175 | D:2      | Identified a scroll of acquirement
  1175 | D:2      | Acquired the ring of Ytuar {rPois rC+ Int+4}
  1888 | D:3      | Reached XP level 4. HP: 21/21 MP: 11/11
  1914 | D:3      | Reached skill level 5 in Hexes
  1964 | D:3      | Noticed Ijyb
  1975 | D:3      | Killed Ijyb
  1994 | D:3      | Noticed Terence
  2004 | D:3      | Killed Terence
  2156 | D:3      | Reached XP level 5. HP: 24/24 MP: 13/13
  2474 | D:4      | Reached skill level 5 in Spellcasting
  2638 | D:4      | Reached skill level 5 in Stealth
  2793 | D:4      | Noticed Blork the orc
  2801 | D:4      | Killed Blork the orc
  2802 | D:4      | Reached XP level 6. HP: 24/28 MP: 10/15
  2846 | D:4      | Found Aceptoh's General Store.
  2918 | D:4      | Found a runed translucent door.
  2919 | D:4      | Noticed Crazy Yiuf
  2994 | D:4      | Found an iron altar of Okawaru.
  3435 | D:4      | Killed Crazy Yiuf
  3483 | D:5      | Entered Level 5 of the Dungeon
  3483 | D:5      | Noticed a water moccasin
  3489 | D:5      | Killed a water moccasin
  3490 | D:5      | Reached skill level 6 in Stealth
  3543 | D:5      | Found a transporter.
  3547 | D:5      | Noticed TimeIsEndless's ghost (amateur VSSu)
  3580 | D:5      | Found a transporter.
  3744 | D:5      | Reached XP level 7. HP: 32/32 MP: 17/17
  3768 | D:5      | Found a white marble altar of Elyvilon.
  3888 | D:5      | Reached skill level 7 in Stealth
  4243 | D:6      | Noticed Menkaure
  4257 | D:6      | Killed Menkaure
  4258 | D:6      | Reached skill level 8 in Stealth
  4272 | D:6      | Reached XP level 8. HP: 19/36 MP: 20/20
  4471 | D:6      | Reached skill level 9 in Stealth
  4549 | D:6      | Noticed Edmund
  4566 | D:6      | Killed Edmund
  4691 | D:6      | Noticed Eustachio
  4696 | D:6      | Killed Eustachio
  4697 | D:6      | Reached skill level 10 in Stealth
  4876 | D:6      | Found a shimmering altar of Xom.
  4878 | D:6      | Found a broken altar of Ashenzari.
  5317 | D:7      | Reached XP level 9. HP: 36/39 MP: 22/22
  5433 | D:7      | Found a staircase to the Ecumenical Temple.
  5487 | Temple   | Entered the Ecumenical Temple
  5560 | Temple   | Became a worshipper of Dithmenos the Shadowed
  5673 | D:7      | Reached skill level 11 in Stealth
  5973 | D:7      | Found a sparkling altar of Nemelex Xobeh.
  5973 | D:7      | Found a transporter.
  5973 | D:7      | Noticed a cyclops
  5974 | D:7      | Noticed a deep elf pyromancer
  6048 | D:7      | Reached skill level 10 in Hexes
  6086 | D:7      | Found a snail-covered altar of Cheibriados.
  6166 | D:8      | Reached skill level 12 in Stealth
  6166 | D:8      | Reached skill level 10 in Spellcasting
  6187 | D:8      | Reached * piety under Dithmenos
  6205 | D:8      | Found a stormy altar of Qazlal.
  6498 | D:8      | Reached XP level 10. HP: 44/44 MP: 22/25
  6570 | D:8      | Found Jegh's Assorted Antiques.
  6618 | D:8      | Reached skill level 13 in Stealth
  6622 | D:8      | Bought a potion of curing for 84 gold pieces
  6622 | D:8      | Bought a potion of heal wounds for 140 gold pieces
  6622 | D:8      | Bought a scroll of identify for 56 gold pieces
  6622 | D:8      | Bought a potion of curing for 84 gold pieces
  6735 | D:8      | Reached skill level 1 in Fighting
  7033 | D:8      | Noticed a brown ugly thing
  7038 | D:8      | Killed a brown ugly thing
  7475 | D:9      | Noticed a two-headed ogre
  7486 | D:9      | Killed a two-headed ogre
  7737 | D:9      | Reached skill level 14 in Stealth
  7746 | D:9      | Noticed a two-headed ogre
  7757 | D:9      | Killed a two-headed ogre
  7758 | D:9      | Reached skill level 5 in Dodging
  7816 | D:9      | Reached XP level 11. HP: 47/51 MP: 27/27
  7823 | D:9      | Reached ** piety under Dithmenos
  8383 | D:9      | Got the Almanac of Nature
  8441 | D:10     | Entered Level 10 of the Dungeon
  8574 | D:10     | Learned a level 6 spell: Invisibility
  8753 | D:10     | Found a staircase to the Orcish Mines.
  8761 | D:10     | Noticed a two-headed ogre
  8799 | D:10     | Killed a two-headed ogre
  9294 | D:11     | Noticed a death yak
  9295 | D:11     | Found a staircase to the Lair.
  9316 | D:11     | Reached skill level 5 in Short Blades
  9318 | D:11     | Upgraded the game from 0.28-a0-684-g30a9fa1a03 to
                  | 0.28-a0-689-ga55568f2eb
  9320 | D:11     | Noticed a death yak
  9343 | D:10     | Killed a death yak
  9344 | D:10     | Reached skill level 15 in Stealth
  9633 | D:11     | Noticed a two-headed ogre
  9635 | D:11     | Noticed a boulder beetle
  9670 | D:11     | Noticed a death yak
  9685 | D:11     | Killed a two-headed ogre
  9721 | D:10     | Killed a death yak
  9941 | D:11     | Killed a boulder beetle
  9994 | D:11     | Noticed a two-headed ogre
  9997 | D:11     | Killed a two-headed ogre
 10027 | D:11     | Reached XP level 12. HP: 58/58 MP: 29/29
 10144 | D:11     | Noticed a two-headed ogre
 10171 | D:11     | Killed a two-headed ogre
 10171 | D:11     | Reached *** piety under Dithmenos
 10305 | D:11     | Killed a death yak
 10380 | D:11     | Found an ancient bone altar of Kikubaaqudgha.
 10641 | D:12     | Noticed a boulder beetle
 10648 | D:12     | Killed a boulder beetle
 10904 | D:12     | Gained mutation: You have a pair of small horns on your
                  | head. [potion of mutation]
 11301 | D:12     | Noticed Frances
 11337 | D:12     | Killed from afar by Frances

Illustrated notes

Levels and vault maps discovered:
D:1:      minmay_arrival_five_plusses, layout_basic,
          hellmonk_ecumenical_altar_zigzags
D:2:      layout_basic, kennysheep_generic_room_16
D:3:      layout_loops_ring, wad_floor_pattern_2,
          chequers_serial_rivers_micro_a, amcnicky_mini_pool_small, uniq_ijyb,
          uniq_terence
D:4:      layout_loops_ring, overflow_temple_1_default, serial_shops,
          nicolae_shop_window_shopping, uniq_crazy_yiuf_cottage,
          uniq_blork_the_orc
D:5:      layout_gridville, mainiacjoe_overflow_alcove_1,
          gammafunk_ghost_mausoleum
D:6:      layout_basic, mainiacjoe_overflow_divided_tiny, uniq_edmund,
          uniq_eustachio, uniq_menkaure
D:7:      layout_basic, lemuel_tele_altar, grunt_nemelex_the_gamble,
          minmay_temple_entry_offerings
D:8:      cheibrodos_grave_circle, layout_gridville,
          nicolae_qazlal_scattered_showers, serial_shops,
          nicolae_shop_behind_doors, minmay_misc_feat_secret_circle
D:9:      layout_loops_ring, kennysheep_cross_bottleneck,
          introduction_to_nature_2
D:10:     layout_basic, minmay_orc_entry_guard_dogs
D:11:     layout_loops_cross, dpeg_lair_monsters, minmay_misc_feat_alley,
          lemuel_zombie_altar_kikubaaqudgha
D:12:     layout_loops_corners, hangedman_abyss_or_decor_clamps, uniq_frances
Temple:   regret_index_temple_generic_petals

Skill      XL: |  1  2  3  4  5  6  7  8  9 10 11 12 |
---------------+-------------------------------------+-----
Spellcasting   | 3 4 5 6 7 8 10 11 12 | 12.9
Hexes          | 4 5 6 7 9 10 11 12 13 | 13.1
Stealth        | 5 6 8 10 12 14 15 | 15.7
Dodging        | 5 7 8 |  8.2
Fighting       | 2 4 |  4.6
Short Blades   | 3 5 6 |  6.4

Action                   |  1- 3 |  4- 6 |  7- 9 | 10-12 || total
-------------------------+-------+-------+-------+-------++-------
Melee: Dagger            |   128 |    84 |   284 |   378 ||   874
       Headbutt          |       |       |       |     2 ||     2
Throw: Dart              |       |       |       |    15 ||    15
       Throwing net      |       |       |       |     2 ||     2
 Cast: Ensorcelled Hiber |     1 |     7 |     7 |    47 ||    62
       Tukima's Dance    |       |    11 |     3 |     8 ||    22
       Dazzling Flash    |       |       |     1 |       ||     1
Invok: Shadow Step       |       |       |       |     1 ||     1
Evoke: Wand              |       |    12 |       |    11 ||    23
  Use: Scroll            |    10 |     4 |     1 |    14 ||    29
       Potion            |       |     1 |       |     8 ||     9
 Stab: Sleeping          |    19 |     8 |    18 |    39 ||    84
       Invisible         |       |     3 |       |     6 ||     9
       Distracted        |       |       |     2 |     2 ||     4
       Held in net/web   |       |       |       |     2 ||     2
Armor: Robe              |     9 |    12 |    79 |    73 ||   173
Dodge: Dodged            |    73 |    63 |   258 |   363 ||   757

Table legend: (Time is in decaauts)
 A = Elapsed time spent in this place.
 B = Non-inter-level travel time spent in this place.
 C = Inter-level travel time spent in this place.
 D = Time resting spent in this place.
 E = Time spent auto-exploring this place.
 F = Levels seen in this place.
 G = Mean time per level.
                   A        B        C        D        E       F      G
               +--------+--------+--------+--------+--------+-----+--------+
         Total |   7725 |   7432 |    293 |    390 |   4933 |  13 |  594.2 |
       Dungeon |   7663 |   7386 |    277 |    390 |   4897 |  12 |  638.6 |
        Temple |     62 |     46 |     16 |      0 |     36 |   1 |   62.0 |
               +--------+--------+--------+--------+--------+-----+--------+

Top non-repeatable levels by time:
     D:9: 837 daAuts
     D:4: 802 daAuts
    D:10: 787 daAuts
     D:8: 723 daAuts
    D:11: 656 daAuts
     D:7: 655 daAuts
     D:6: 628 daAuts
     D:1: 589 daAuts
     D:2: 573 daAuts
    D:12: 557 daAuts
     D:5: 452 daAuts
     D:3: 398 daAuts
  Temple: 62 daAuts
